 Dungeon Crawl Stone Soup version 0.29.0-4-gdea44cf6ec (webtiles) character file.

Game seed: 9900164560034536007

71 qw the Chopper (level 4, -4/35 HPs)
             Began as a Formicid Cinder Acolyte on Sept 3, 2022.
             Was a High Priest of Ignis.
             Slain by Terence
             ... wielding a +0 morningstar
              (6 damage)
             ... on level 2 of the Dungeon.
             The game lasted 00:00:58 (1547 turns).

qw the Chopper (Formicid Cinder Acolyte)            Turns: 1547, Time: 00:00:59

Health: -4/35      AC: 10    Str: 21    XL:     4   Next: 47%
Magic:  5/5        EV: 11    Int: 13    God:    Ignis [*****.]
Gold:   58         SH:  0    Dex:  9    Spells: 5/5 levels left

rFire   + . .      SeeInvis +   Y - -1 hand axe (flame)
rCold   . . .      Faith    .   (no shield)
rNeg    . . .      Spirit   .   c - +0 leather armour
rPois   .          Reflect  .   (helmet unavailable)
rElec   .          Harm     .   (no cloak)
rCorr   .          Rampage  .   (no gloves)
Will    .....                   (no boots)
Stlth   +.........              (no amulet)
HPRegen 0.11/turn               (no ring)
MPRegen 0.09/turn               (no ring)

@: fiery-armoured
A: permanent stasis, dig shafts and tunnels, antennae 3, four strong arms
a: Dig, Shaft Self, Renounce Religion, Fiery Armour, Foxfire Swarm, Rising Flame


You were on level 2 of the Dungeon.
You worshipped Ignis.
Ignis was extremely pleased with you.
You visited 1 branch of the dungeon, and saw 2 of its levels.

You collected 58 gold pieces.


Innate Abilities, Weirdness & Mutations

You cannot be hasted, slowed, berserked, paralysed or teleported.
You can dig through walls and to a lower floor.
You have a pair of large antennae on your head. (SInv)
Your four strong arms can wield two-handed weapons with a shield.


   Skills:
 - Level 3.2 Fighting
 + Level 4.8 Axes
 - Level 0.6 Dodging
 - Level 1.1 Spellcasting
 - Level 3.0 Fire Magic


You had 5 spell levels left.
You didn't know any spells.
Your spell library contained the following spells:

 Spells                   Type           Power      Damage    Failure   Level
 Scorch                   Fire           16%        2d5       14%         2

Inventory:

Hand Weapons
 Y - a -1 hand axe of flaming (weapon)
Missiles
 d - 2 boomerangs (quivered)
Armour
 c - a +0 leather armour (worn)
Scrolls
 a - a scroll of vulnerability {unknown}
 b - a scroll of teleportation {unknown}
 e - a scroll of identify
Potions
 f - a potion of brilliance {unknown}
 g - a potion of heal wounds {unknown}

Dungeon Overview and Level Annotations

Branches:
Dungeon (2/15)

Altars:

Annotations:
D:2 Terence


Message History

The crimson imp disappears in a puff of smoke!
You have reached level 4!
You feel stronger.
You hit Terence. You burn Terence.
Terence is moderately wounded.
Terence hits you but does no damage.
Terence is burned by your cloak of flames.
Terence is moderately wounded.
You hit Terence. You burn Terence.
Terence is severely wounded.
Terence bares his teeth.
Terence closely misses you.
You barely miss Terence.
Terence is severely wounded.
Terence hits you with a +0 morningstar!
Terence is burned by your cloak of flames.
Terence is almost dead.
Terence closely misses you.
You hit Terence but do no damage.
Terence is almost dead.
Terence hits you with a +0 morningstar.
Terence is burned by your cloak of flames.
Terence is almost dead.
You hit Terence but do no damage. Your punch misses Terence.
Terence is almost dead.
Terence barely misses you.
You hit Terence but do no damage.
Terence is almost dead.
Terence closely misses you.
You closely miss Terence.
Terence is almost dead.
Terence hits you with a +0 morningstar!
Terence is burned by your cloak of flames.
Terence is almost dead.
You barely miss Terence.
Terence is almost dead.
Terence misses you.
You closely miss Terence.
Terence is almost dead.
Terence hits you with a +0 morningstar.
You die...

##.....##...##.
##...###...###
#####.......#
#.........
####..####.
##.....# #.
####..###.# #.
#####..).## #.####.
#.@...#######..##..
#....@#####
#..<....... .......
......####.%...
.###### #####
###... #... #...
#... #... #...


You could see Terence.

Vanquished Creatures
  Natasha (D:2)
  A worm (D:2)
  4 ball pythons
  4 bats
  6 endoplasms
  A giant cockroach (D:2)
  4 goblins
  5 hobgoblins
  2 kobolds
  4 quokkas (D:1)
  3 frilled lizards (D:1)
  2 rats (D:1)
37 creatures vanquished.

Notes
Turn   | Place    | Note
-------+----------+-------------------------------------------
     0 | D:1      | qw the Formicid Cinder Acolyte began the quest for the Orb.
     0 | D:1      | Reached XP level 1. HP: 18/18 MP: 2/2
     0 | D:1      | 0 ||| qw: Version: 0.1-a-102-g441f92d
     0 | D:1      | 0 ||| qw: Game counter: 5225
     0 | D:1      | 0 ||| qw: Always use a shield: true
     0 | D:1      | 0 ||| qw: God list: Okawaru
     0 | D:1      | 0 ||| qw: Allow faded altars: false
     0 | D:1      | 0 ||| qw: Do Orc after D:15 true
     0 | D:1      | 0 ||| qw: Do second Lair branch before Depths: true
     0 | D:1      | 0 ||| qw: Lair rune preference: random
     0 | D:1      | 0 ||| qw: Plans: Normal
     0 | D:1      | 0 ||| PLANNING D:1-11
   210 | D:1      | Reached XP level 2. HP: 15/24 MP: 3/3
   697 | D:1      | 697 ||| Stepping ~*~*~tactically~*~*~ (stealth).
   698 | D:1      | 698 ||| Stepping ~*~*~tactically~*~*~ (stealth).
   699 | D:1      | 699 ||| Stepping ~*~*~tactically~*~*~ (stealth).
   707 | D:1      | 707 ||| Stepping ~*~*~tactically~*~*~ (stealth).
   721 | D:1      | 721 ||| Stepping ~*~*~tactically~*~*~ (stealth).
   727 | D:1      | Reached skill level 4 in Axes
   727 | D:1      | Reached XP level 3. HP: 29/29 MP: 4/4
   752 | D:1      | 752 ||| Stepping ~*~*~tactically~*~*~ (stealth).
   755 | D:1      | 755 ||| Stepping ~*~*~tactically~*~*~ (stealth).
  1041 | D:1      | 1041 ||| UPGRADING to +0 leather armour.
  1051 | D:1      | 1051 ||| DROPPING +0 robe.
  1052 | D:1      | 1052 ||| READING scroll labelled NARUSI TEETOUM.
  1189 | D:1      | 1189 ||| READING scroll labelled LYXZUH ZAR.
  1297 | D:2      | Identified the -1 helmet of the Comet {Rampage}
  1353 | D:2      | 1353 ||| Stepping ~*~*~tactically~*~*~ (stealth).
  1459 | D:2      | 1459 ||| FLEEEEING.
  1460 | D:2      | 1460 ||| FLEEEEING.
  1465 | D:2      | 1465 ||| FLEEEEING.
  1466 | D:2      | 1466 ||| FLEEEEING.
  1467 | D:2      | 1467 ||| FLEEEEING.
  1468 | D:2      | 1468 ||| FLEEEEING.
  1469 | D:2      | 1469 ||| FLEEEEING.
  1476 | D:2      | 1476 ||| FLEEEEING.
  1477 | D:2      | 1477 ||| FLEEEEING.
  1478 | D:2      | 1478 ||| FLEEEEING.
  1479 | D:2      | 1479 ||| FLEEEEING.
  1480 | D:2      | 1480 ||| FLEEEEING.
  1481 | D:2      | 1481 ||| FLEEEEING.
  1482 | D:2      | 1482 ||| FLEEEEING.
  1483 | D:2      | 1483 ||| FLEEEEING.
  1484 | D:2      | 1484 ||| FLEEEEING.
  1485 | D:2      | 1485 ||| FLEEEEING.
  1486 | D:2      | 1486 ||| FLEEEEING.
  1487 | D:2      | 1487 ||| FLEEEEING.
  1488 | D:2      | 1488 ||| FLEEEEING.
  1489 | D:2      | 1489 ||| FLEEEEING.
  1490 | D:2      | 1490 ||| FLEEEEING.
  1491 | D:2      | 1491 ||| FLEEEEING.
  1492 | D:2      | 1492 ||| FLEEEEING.
  1493 | D:2      | 1493 ||| FLEEEEING.
  1529 | D:2      | Noticed Natasha
  1533 | D:2      | Noticed Terence
  1534 | D:2      | 1534 ||| INVOKING Fiery Armour.
  1538 | D:2      | Killed Natasha
  1539 | D:2      | Reached XP level 4. HP: 20/35 MP: 5/5
  1545 | D:2      | HP: 2/35 [Terence/+0 morningstar (7)]
  1547 | D:2      | Slain by Terence

Levels and vault maps discovered:
D:1:      tarquinn_simple_flora_water_e, layout_rooms,
          nicolae_figureground_sparkle
D:2:      kennysheep_six_static_rooms, layout_rooms,
          hellmonk_ecumenical_altar_dog_temple, uniq_natasha, uniq_terence

Skill      XL: |  1  2 |
---------------+-------+-----
Axes           | 4 |  4.8
Fighting       | |  3.2
Dodging        | |  0.6
Spellcasting   | |  1.1
Fire Magic     | |  3.0

Action                   |  1- 3 |  4- 6 || total
-------------------------+-------+-------++-------
Melee: Hand axe          |    91 |     9 ||   100
Throw: Boomerang         |    17 |       ||    17
Invok: Fiery Armour      |     1 |       ||     1
  Use: Scroll            |     2 |       ||     2
Armor: Robe              |    11 |       ||    11
       Leather armour    |     9 |     1 ||    10
Dodge: Dodged            |    35 |     5 ||    40

Table legend:
 A = Non-vault XP
 B = Vault XP
 C = Vault XP percentage of total XP
 D = Non-vault monster count
 E = Vault monster count
 F = Vault count percentage of total count
                 A         B        C        D         E       F
            +---------+---------+-------+---------+---------+-------
      Total |      58 |      44 |  43.1 |      31 |       6 |  16.2
            +---------+---------+-------+---------+---------+-------
        D:1 |      37 |       0 |   0.0 |      22 |       0 |   0.0
        D:2 |      21 |      44 |  67.7 |       9 |       6 |  40.0
            +---------+---------+-------+---------+---------+-------
